 Dungeon Crawl Stone Soup version 0.21.1-1-g345015f (webtiles) character file.

424 ScottishVillain the Skirmisher (level 6, -14/49 HPs)
             Began as a Demonspawn Abyssal Knight on Feb 27, 2018.
             Was a Believer of Lugonu.
             Demolished by an ice beast (16 damage)
             ... on level 4 of the Dungeon.
             The game lasted 00:20:19 (3626 turns).

ScottishVillain the Skirmisher (DsAK)               Turns: 3626, Time: 00:20:19

Health: -14/49     AC:  5    Str: 14    XL:     6   Next: 64%
Magic:  7/7        EV: 11    Int: 14    God:    Lugonu [**....]
Gold:   184        SH:  0    Dex: 16    Spells: 5/5 levels left

rFire    + . .     SeeInvis .   f - +1 short sword (speed)
rCold    x . .     Gourm    .   (no shield)
rNeg     + . .     Faith    .   e - +0 ring mail {MR+}
rPois    .         Spirit   .   (helmet restricted)
rElec    .         Reflect  .   (no cloak)
rCorr    .         Harm     .   (no gloves)
MR       +....                  (no boots)
Stlth    ++........             (no amulet)
HPRegen  0.16/turn              l - ring of positive energy
MPRegen  0.10/turn              h - ring of fire

@: lethally poisoned (-14 -> -15)
A: horns 1, thin skeletal structure 2
a: Depart the Abyss, Bend Space, Renounce Religion


You were on level 4 of the Dungeon.
You worshipped Lugonu.
Lugonu was pleased with you.
You were hungry.

You visited 1 branch of the dungeon, and saw 4 of its levels.
You visited the Abyss 1 time.

You collected 184 gold pieces.

Inventory:

Hand Weapons
 a - a +1 falchion
 d - a +0 dagger of venom
 f - a +1 short sword of speed (weapon)
 p - a +2 war axe of freezing
Armour
 e - a +0 ring mail of magic resistance (worn)
 g - a +0 ring mail
Jewellery
 h - a ring of fire (right hand)
 l - a ring of positive energy (left hand)
Wands
 b - a wand of acid (5)
Scrolls
 j - 2 scrolls of teleportation
Potions
 i - 4 potions of flight
 k - a potion of degeneration {unknown}
 m - a potion of heal wounds {unknown}
 n - a potion of resistance
 o - a potion of agility
Books
 q - a book of Callings

   Spells                             Type                      Level
   a - Summon Small Mammal            Summoning                    1
   b - Call Imp                       Summoning                    2
   c - Call Canine Familiar           Summoning                    3
   d - Summon Guardian Golem          Hexes/Summoning              3
   e - Summon Lightning Spire         Summoning/Air                4
   f - Summon Ice Beast               Ice/Summoning                4
Comestibles
 c - 8 rations


   Skills:
 + Level 4.3 Fighting
 + Level 2.1(3.1) Short Blades
 + Level 3.4(3.8) Long Blades
 + Level 3.7 Armour
 + Level 1.9 Dodging
 + Level 0.5 Stealth
 + Level 2.5 Invocations
 + Level 0.1 Evocations


You had 5 spell levels left.
You didn't know any spells.

Dungeon Overview and Level Annotations

Branches:
Dungeon (4/15)
 Temple: D:4-7

Altars:
Elyvilon
Gozag
Nemelex Xobeh
Okawaru


Innate Abilities, Weirdness & Mutations

You have a pair of small horns on your head.
You have a moderately thin skeletal structure. (Dex +4, Stealth+)


Message History

You headbutt the ice beast, but do no damage.
The ice beast is moderately wounded.
You feel sick.
You hit the ice beast. Your headbutt misses the ice beast.
The ice beast is heavily wounded.
The ice beast hits you.
* * * LOW HITPOINT WARNING * * *
The ice beast freezes you!
You feel a terrible chill!
* * * LOW HITPOINT WARNING * * *
You hit the ice beast.
The ice beast is severely wounded.
The ice beast misses you.
You hit the ice beast but do no damage.
The ice beast is severely wounded.
You hit the ice beast. You headbutt the ice beast.
The ice beast is almost dead.
You feel sick. The ice beast hits you.
* * * LOW HITPOINT WARNING * * *
The ice beast freezes you!
You feel a terrible chill!
You die...

*,*** #..# #.........#.
**,,,* ##.## #....####.#.
*,,,,* #..* #....# *,#.
*+**,*** #..#* #....# *,..
,,,,,,,* #...* #....# **##
,,,,,,,* #.#.###....#
,,,,,,,* #.#..##....#
,,,,,,,**#######.##.##....#
*****,*,,......Y@....#....#
****,*,,............#....#
**,,,,+,,....$............#
,*,**,*,,...........#.....#
,*,**,*,,...........#.....#
,,,,,,*,,...........##.##.#
**,,,,,,,.......######..*.#
,,,,,,,,,.......* ##.#.#
**,,,,,,,,,.....* ****.#,*


You could see an ice beast.

Vanquished Creatures
  A phantom (D:4)
  Blork the orc (D:4)
  A scorpion (D:2)
  Jessica (D:2)
  An orc wizard (D:3)
  3 gnolls (D:3)
  4 adders
  An ooze (D:1)
  A worm (D:2)
  2 dart slugs (D:1)
  3 leopard geckos (D:1)
  10 orcs (D:3)
  12 bats
  4 giant cockroaches
  13 goblins
  8 hobgoblins
  2 jackals (D:3)
  2 quokkas (D:2)
  A ball python (D:1)
  5 frilled lizards
  4 kobolds
  4 rats
84 creatures vanquished.

Notes
Turn   | Place    | Note
-------+----------+-------------------------------------------
     0 | Abyss:1  | ScottishVillain the Demonspawn Abyssal Knight began the quest for the Orb.
     0 | Abyss:1  | Reached XP level 1. HP: 18/18 MP: 2/2
    43 | Abyss:1  | Noticed a ynoxinul
    43 | D:1      | Escaped the Abyss
   370 | D:1      | Gained mutation: You have a pair of small horns on your head. [demonic ancestry]
   370 | D:1      | Reached XP level 2. HP: 16/24 MP: 3/3
   414 | D:1      | Reached skill level 1 in Dodging
   419 | D:1      | Reached * piety under Lugonu
   492 | D:1      | Reached XP level 3. HP: 23/29 MP: 4/4
  1094 | D:2      | Reached ** piety under Lugonu
  1165 | D:2      | Found a sparkling altar of Nemelex Xobeh.
  1165 | D:2      | Noticed Jessica
  1168 | D:2      | Killed Jessica
  1168 | D:2      | Gained mutation: You have a somewhat thin skeletal structure. (Dex +2, Stealth) [demonic ancestry]
  1168 | D:2      | Reached XP level 4. HP: 31/37 MP: 5/5
  1205 | D:2      | Reached skill level 4 in Fighting
  1205 | D:2      | Gained mutation: You have a moderately thin skeletal structure. (Dex +4, Stealth+) [demonic ancestry]
  1205 | D:2      | Reached XP level 5. HP: 27/42 MP: 6/6
  1326 | D:2      | Found a white marble altar of Elyvilon.
  1326 | D:2      | Found an opulent altar of Gozag.
  1326 | D:2      | Found an iron altar of Okawaru.
  2651 | D:3      | Reached skill level 1 in Short Blades
  3104 | D:4      | Noticed Blork the orc
  3116 | D:4      | Noticed a phantom
  3120 | D:4      | Killed Blork the orc
  3120 | D:4      | Reached XP level 6. HP: 16/48 MP: 7/7
  3612 | D:4      | Noticed an ice beast
  3626 | D:4      | HP: 2/49 [ice beast (1)]
  3626 | D:4      | Demolished by an ice beast

Skill      XL: |  1  2  3  4  5  6 |
---------------+-------------------+-----
Long Blades    | 2 3 |  3.4
Armour         | 2 3 |  3.7
Dodging        | 1 |  1.9
Fighting       | 4 |  4.3
Short Blades   | 1 2 |  2.1
Stealth        | |  0.5
Invocations    | |  2.5
Evocations     | |  0.1

Action                   |  1- 3 |  4- 6 || total
-------------------------+-------+-------++-------
Melee: Falchion          |    94 |    42 ||   136
       Headbutt          |    19 |    35 ||    54
       Short sword       |       |   109 ||   109
Invok: Depart the Abyss  |     1 |       ||     1
       Bend Space        |       |     1 ||     1
Evoke: Wand              |       |     2 ||     2
  Use: Scroll            |     5 |     6 ||    11
       Potion            |       |     4 ||     4
 Stab: Sleeping          |       |     2 ||     2
  Eat: Chunk             |     1 |       ||     1
       Ration            |       |     2 ||     2
Armor: Leather armour    |    11 |       ||    11
       Ring mail         |    35 |    29 ||    64
       Scale mail        |       |    13 ||    13
Dodge: Dodged            |    61 |    81 ||   142
       Rpst.: Falchion   |    22 |    10 ||    32
